 Dungeon Crawl Stone Soup version 0.21-a0-110-g8e1637b (webtiles) character file.

67 Gorice the Grave Robber (level 4, -2/30 HPs)
             Began as a Demonspawn Necromancer on July 7, 2017.
             Killed by divine providence
             ... invoked by an orc priest
              (15 damage)
             ... on level 3 of the Dungeon on July 8, 2017.
             The game lasted 00:10:59 (1895 turns).

Gorice the Grave Robber (Demonspawn Necromancer)    Turns: 1895, Time: 00:10:59

Health: -2/30      AC:  5    Str:  9    XL:     4   Next: 0%
Magic:  4/7        EV: 12    Int: 17    God:
Gold:   138        SH:  0    Dex: 13    Spells: 2/7 levels left

rFire    . . .     SeeInvis .   a - +2 trident (pierce)
rCold    . . .     Gourm    .   (no shield)
rNeg     . . .     Faith    .   s - +0 robe
rPois    +         Spirit   .   (helmet restricted)
rElec    .         Reflect  .   (no cloak)
rCorr    .         Harm     .   d - +0 pair of gloves
MR       .....                  (no boots)
Stlth    ++........             (no amulet)
HPRegen  0.10/turn              u - ring of poison resistance
MPRegen  0.10/turn              (no ring)

@: very slightly contaminated
A: antennae 1, molten scales 1
a: no special abilities


You were on level 3 of the Dungeon.
You were not hungry.

You visited 1 branch of the dungeon, and saw 3 of its levels.

You collected 138 gold pieces.

Inventory:

Hand Weapons
 a - a +2 trident of piercing (weapon)
   (You found it on level 2 of the Dungeon)
 o - a +4 hand axe
Missiles
 h - 55 bolts
 Z - 116 stones (quivered)
Armour
 d - a +0 pair of gloves (worn)
 i - a +0 chain mail
 j - a +0 plate armour
 m - a +0 ring mail
 s - a +0 robe (worn)
Jewellery
 u - a ring of poison resistance (left hand)
Scrolls
 t - 2 scrolls of remove curse
Potions
 e - 2 potions of curing
 f - a potion of agility {!q}
 k - 3 potions of lignification {!q}
 p - a potion of haste {!q}
 x - a potion of flight {unknown}
 z - 2 potions of brilliance {!q}
Books
 b - a book of Necromancy
Comestibles
 c - 3 bread rations {!e}
 g - 4 chunks of flesh
 q - a meat ration {!e}
 r - a royal jelly
 v - a fruit


   Skills:
 - Level 1.7 Dodging
 - Level 1.7 Stealth
 - Level 2.0 Spellcasting
 * Level 6.1 Necromancy


You had 2 spell levels left.
You knew the following spells:

 Your Spells              Type           Power        Failure   Level  Hunger
a - Pain                  Necr           ###.         1%          1    #......
b - Animate Skeleton      Necr           N/A          1%          1    #......
c - Vampiric Draining     Necr           ###.......   4%          3    ###....


Dungeon Overview and Level Annotations

Branches:
Dungeon (3/15)

Altars:
Makhleb
Nemelex Xobeh
The Shining One


Innate Abilities, Weirdness & Mutations

You have a pair of small antennae on your head.
You are partially covered in molten scales. (AC +2)


Message History

Found 4 gold pieces.
Found 18 gold pieces.
Z - 116 stones (gained 22)
You now have 134 gold pieces (gained 18).
You swap places.
You now have 138 gold pieces (gained 4).
Found a scroll of remove curse.
t - 2 scrolls of remove curse (gained 1)
You swap places.
You hear the rusting of a distant drain.
A bat and an orc priest come into view.
The orc priest shouts!
An orc comes into view.
You hear the brisk rusting of a drain nearby.
Casting: Animate Skeleton
Confirm with . or Enter, or press ? or * to list all spells.
Aiming: Pain
Press: ? - help, Shift-Dir - straight line, f - orc priest
Aim: an orc priest, wielding a hand axe and wearing a scale mail (chance to defeat MR: 81%)
You miscast Pain.
You are very lightly contaminated with residual magic.
Nothing appears to happen.
Casting: Pain
Confirm with . or Enter, or press ? or * to list all spells.
Aiming: Pain
Press: ? - help, Shift-Dir - straight line, f/p - orc priest
Aim: an orc priest, wielding a hand axe and wearing a scale mail (chance to defeat MR: 81%)
The orc priest writhes in agony!
The orc priest miscasts a cantrip.
Damage: 1 (max 1)
Casting: Pain
Confirm with . or Enter, or press ? or * to list all spells.
Aiming: Pain
Press: ? - help, Shift-Dir - straight line, f/p - orc priest
Aim: an orc priest, wielding a hand axe and wearing a scale mail (lightly wounded, chance to defeat MR: 81%)
The orc priest writhes in agony!
Damage: 1 (max 1)
You hit the orc priest.
The orc priest is severely wounded.
The orc priest hits you but does no damage.
You hit the orc priest but do no damage.
The orc priest is severely wounded.
The orc priest calls down the wrath of Beogh upon you.
Beogh smites you!
Ouch! That really hurt!
* * * LOW HITPOINT WARNING * * *
The orc priest mumbles some strange prayers to Beogh against you.
Beogh smites you!
Ouch! That really hurt!
You die...

#.......>##...###
#...######....... #...#
#...### #(..# #..####
#...##### #..)<.. #####
#.......####.#### #.#.##
#..###...###.###. #b.
#.#..#####......#........# #..
#.......o@.##.....###..... #..
####..####.)............## #..
##.## #.##..[######...# #..
#..# #.###.## #...# #.. ##.#
#.##.#.## #....
#..#######.###.#.###.#####.#..
#...o.......##..## ##...>#.#..
#..########.##.#.###.###.#.#..
#.. #.##.##.#Z## #......


You could see an orc priest.

Vanquished Creatures
  2 adders
  3 dart slugs
  An orc (D:3)
  4 giant cockroaches
  5 goblins
  5 hobgoblins
  6 jackals (D:2)
  A ball python (D:3)
  4 bats
  3 kobolds
  9 rats
43 creatures vanquished.

Vanquished Creatures (collateral kills)
  A rat (D:1)
1 creature vanquished.

Grand Total: 44 creatures vanquished

Notes
Turn   | Place    | Note
-------+----------+-------------------------------------------
     0 | D:1      | Gorice the Demonspawn Necromancer began the quest for the Orb.
     0 | D:1      | Reached XP level 1. HP: 13/13 MP: 3/3
    66 | D:1      | Learned a level 1 spell: Animate Skeleton
   273 | D:1      | Gained mutation: You are partially covered in molten scales. (AC +2) [demonic ancestry]
   273 | D:1      | Reached XP level 2. HP: 15/19 MP: 1/5
   594 | D:1      | Reached skill level 5 in Necromancy
   935 | D:2      | Found a glowing golden altar of the Shining One.
   964 | D:2      | Found a burning altar of Makhleb.
  1227 | D:2      | Gained mutation: You have a pair of small antennae on your head. [demonic ancestry]
  1227 | D:2      | Reached XP level 3. HP: 22/24 MP: 2/6
  1635 | D:3      | Reached skill level 6 in Necromancy
  1643 | D:3      | Learned a level 3 spell: Vampiric Draining
  1732 | D:3      | Found a sparkling altar of Nemelex Xobeh.
  1769 | D:3      | Reached XP level 4. HP: 29/30 MP: 7/7
  1895 | D:3      | Killed from afar by an orc priest

Vault maps used:
D:1:      mushboom_english_gardens
D:2:      lemuel_coloured_pillars_altar, lemuel_crystal_altar, first_bread
D:3:      nemelex_xobeh_ov_fountains_minmay, portal_sewer_entry_d, uniq_terence,
          uniq_crazy_yiuf_cottage

Skill      XL: |  1  2  3 |
---------------+----------+-----
Necromancy     | 5 6 |  6.1
Dodging        | |  1.7
Stealth        | |  1.7
Spellcasting   | |  2.0

Action                   |  1- 3 |  4- 6 || total
-------------------------+-------+-------++-------
Melee: Trident           |    27 |     2 ||    29
 Cast: Pain              |    48 |     2 ||    50
       Animate Skeleton  |    20 |       ||    20
  Use: Scroll            |     8 |       ||     8
 Stab: Sleeping          |     2 |       ||     2
  Eat: Chunk             |     3 |     1 ||     4
Armor: Robe              |    14 |       ||    14
Dodge: Dodged            |    18 |       ||    18

Table legend:
 A = Turns spent in this place as a percentage of turns spent in the entire game.
 B = Non-inter-level travel turns spent in this place as a percentage of non-inter-level travel turns spent in the entire game.
 C = Inter-level travel turns spent in this place as a percentage of turns spent in this place.
 D = Turns resting spent in this place as a percentage of non-inter-level travel turns spent in this place.
 E = Turns spent auto-exploring this place as a percentage of non-inter-level travel turns spent in this place.
 F = Non-inter-level travel turns spent in this place divided by the number of levels of this place that you've seen.
                   A       B       C       D       E      F
               +-------+-------+-------+-------+-------+----------------------
         Total | 100.0 | 100.0 |   0.4 |   2.3 |   5.7 | 251.3
       Dungeon | 100.0 | 100.0 |   0.4 |   2.3 |   5.7 | 251.3
               +-------+-------+-------+-------+-------+----------------------

Vault maps used:
D:1:      mushboom_english_gardens
D:2:      lemuel_coloured_pillars_altar, lemuel_crystal_altar, first_bread
D:3:      nemelex_xobeh_ov_fountains_minmay, portal_sewer_entry_d, uniq_terence,
          uniq_crazy_yiuf_cottage
